 Dungeon Crawl Stone Soup version 0.32-a0-975-g85d4e5bfdb (webtiles) character file.

Game seed: 18316715056848419325

2853 Fodor the Cleaver (level 9, -12/78 HPs)
             Began as a Minotaur Fighter on Apr 18, 2024.
             Was an Initiate of Gozag.
             Mangled by a gnoll sergeant
             ... wielding a +1 spear of distortion
              (18 damage)
             ... on level 7 of the Dungeon.
             The game lasted 00:20:29 (6644 turns).

Fodor the Cleaver (Minotaur Fighter)                Turns: 6644, Time: 00:20:29

Health: -12/78     AC: 17    Str: 26    XL:     9   Next: 46%
Magic:  2/2        EV:  8    Int:  8    God:    Gozag
Gold:   445        SH: 10    Dex:  9    Spells: 8/8 levels left

rFire   . . .        x - +2 flail (antimagic)
rCold   . . .        c - +0 buckler
rNeg    . . .        r - +6 chain mail of Reason {Int+3}
rPois   .            (helmet restricted)
rElec   .            (no cloak)
rCorr   +            w - +0 pair of gloves
SInv    .            (no boots)
Will    .....        j - amulet of reflection Stlth
                     h - ring of resist corrosion
HPRegen 0.33/turn    (no ring)
MPRegen 0.08/turn

%: reflection
@: gold aura
A: horns 2, retaliatory headbutt
a: Renounce Religion, Potion Petition, Call Merchant, Bribe Branch


You were on level 7 of the Dungeon.
You worshipped Gozag.
Gozag was aware of your devotion.
You visited 2 branches of the dungeon, and saw 8 of its levels.
You also visited: Sewer.

You collected 871 gold pieces.
You spent 329 gold pieces at shops.
You paid 97 gold pieces to Gozag.

Inventory:

Hand Weapons
 x - a +2 antimagic flail (weapon)
Missiles
 B - 5 boomerangs (quivered)
Armour
 c - a +0 buckler (worn)
 r - the +6 chain mail of Reason (worn) {Int+3}
   (You found it on level 2 of the Dungeon)

   Int+3:     It affects your intelligence (+3).
 w - a +0 pair of gloves (worn)
 y - a +0 tower shield
Jewellery
 h - a ring of resist corrosion (left hand)
 j - an amulet of reflection (around neck)
 o - an amulet of faith
 s - a ring of magical power
 C - a ring of magical power
Talismans
 J - the serpent talisman of Ashenzari's Hope {rN++ Will- Dex+2 SInv}
   (You found it on level 7 of the Dungeon)

   [serpent talisman]

   Dex+2:     It affects your dexterity (+2).
   rN++:      It greatly protects you from negative energy.
   Will-:     It decreases your willpower.
   SInv:      It lets you see invisible.
Wands
 D - a wand of polymorph (10)
Scrolls
 e - a scroll of identify
 i - 2 scrolls of enchant weapon
 l - a scroll of vulnerability
 m - 4 scrolls of fog
 p - 5 scrolls of teleportation
 u - 2 scrolls of noise
 v - 2 scrolls of immolation
 z - a scroll of revelation
 A - a scroll of silence
 F - a scroll of brand weapon
 G - a scroll of poison {unknown}
 H - a scroll of enchant armour {unknown}
 I - 3 scrolls of blinking {unknown}
 K - a scroll of fear {unknown}
Potions
 b - 2 potions of lignification
 d - 4 potions of might
 f - 2 potions of degeneration {unknown}
 g - a potion of invisibility {unknown}
 k - 2 potions of attraction {unknown}
 n - 7 potions of curing
 q - 4 potions of mutation
 t - 2 potions of enlightenment
 E - 2 potions of ambrosia {unknown}


   Skills:
 + Level 6.6 Fighting
 + Level 8.1(9.6) Axes
 + Level 7.8(9.4) Maces & Flails
 + Level 7.3 Armour
 + Level 2.5 Dodging
 + Level 0.3 Stealth
 + Level 7.3 Shields


You had 8 spell levels left.
You didn't know any spells.
Your spell library contained the following spells:

 Spells                   Type           Power      Damage    Failure   Level
 Summon Small Mammal      Summ           0%         N/A       91%         1
 Call Canine Familiar     Summ           0%         N/A       100%        3
 Tukima's Dance           Hex            0%         N/A       100%        3
 Dimensional Bullseye     Hex/Tloc       0%         N/A       100%        4
 Iskenderun's Mystic Bla Conj/Tloc 0%             2d3        (+2d1     100%        4
 Passage of Golubria      Tloc           0%         N/A       100%        4
 Summon Blazeheart Golem  Fire/Summ      0%         N/A       100%        4
 Yara's Violent Unravell  Hex/Alch       0%         3d3       100%        5


Dungeon Overview and Level Annotations

Branches:
Dungeon (7/15)             Temple (1/1) D:4           Sewer (visited)

Altars:
Ashenzari
Cheibriados
Dithmenos
Elyvilon
Fedhas
Gozag
Hepliaklqana
Kikubaaqudgha
Makhleb
Nemelex Xobeh
Okawaru
Ru
Sif Muna
Trog
Uskayaw
Vehumet
Wu Jian
Xom
Yredelemnul
Zin
The Shining One

Shops:
D:2 ?


Innate Abilities, Weirdness & Mutations

You have a pair of horns on your head.
You reflexively headbutt those who attack you in melee.


Message History

The boulder beetle bites you!
The gnoll sergeant hits you from afar with a +1 spear of distortion.
Space warps horribly around you!!
You hit the boulder beetle but do no damage.
You headbutt the boulder beetle, but do no damage.
The boulder beetle is moderately wounded.
The boulder beetle is distracted by your dazzling golden aura.
The gnoll sergeant hits you but does no damage.
You blink.
An orc priest comes into view. It is wielding a +0 whip.
The orc priest shouts!
You hear a shout!
You block the orc wizard's attack. You block the gnoll sergeant's attack.
The orc wizard hits you but does no damage.
The gnoll sergeant is distracted by your dazzling golden aura.
The gnoll sergeant shouts!
You thump the orc wizard!
The orc wizard's magic leaks into the air.
The orc wizard is almost dead.
The orc wizard gestures at you while chanting.
The magic dart hits you!
* * * LOW HITPOINT WARNING * * *
An orc comes into view. It is wielding a +0 hand axe.
Unknown command.
The orc priest invokes the aid of Beogh against you.
Beogh smites you!
* * * LOW HITPOINT WARNING * * *
An orc wizard comes into view. It is wielding a +0 dagger.
The gnoll sergeant is no longer distracted by gold.
The boulder beetle is no longer distracted by gold.
You sock the orc wizard!
You kill the orc wizard!
You block the gnoll sergeant's attack. The orc priest barely misses you.
You block the gnoll sergeant's attack. You block the orc priest's attack.
Things that are here:
7 gold pieces; a +0 dagger; a +0 robe The gnoll sergeant hits you from afar with a +1 spear of distortion.
* * * LOW HITPOINT WARNING * * *
Space warps horribly around you!!
You die...
Your body crumbles into a pile of gold.

#.###.##....###......#
#...#.####......######
#.#.#......####.#
#......##### #.#
..#.##.# #$# #....#.#
##$### #..#.#.#
#..g.## ...#...#
#..B..# ...#...#
#..@$.# ########
#...oo# #.....#
..'..ßo.'.
...#.....#..
...##.....##... ###
###'### ### ...


You could see a boulder beetle, a gnoll sergeant, an orc priest, an orc wizard
and an orc.

Vanquished Creatures
  Grinder (D:3)
  A hornet (D:7)
  The ghost of markshark the Shield-Bearer, an amateur MiFi (D:3)
  Duvessa (D:4)
  2 ice beasts
  2 sky beasts
  A black bear (D:5)
  3 ogres
  2 kobold brigands (Sewer)
  4 phantoms
  A scorpion (D:6)
  4 wights (D:7)
  Dowan (D:4)
  A howler monkey (D:6)
  2 bombardier beetles
  4 hounds
  A jelly (D:6)
  3 iguanas
  5 orc wizards
  A sleepcap (D:4)
  7 gnolls
  3 river rats
  4 adders
  2 ribbon worms
  4 dart slugs
  26 orcs
  8 bats
  10 endoplasms
  6 giant cockroaches
  6 goblins
  10 hobgoblins
  5 jackals
  12 kobolds
  7 quokkas
  4 ball pythons
  3 frilled lizards
  16 rats
174 creatures vanquished.

Vanquished Creatures (others)
  2 adders (D:3)
  A ribbon worm (D:3)
  An endoplasm (D:3)
  A ball python (D:3)
5 creatures vanquished.

Grand Total: 179 creatures vanquished

Notes
Turn   | Place    | Note
-------+----------+-------------------------------------------
     0 | D:1      | Fodor the Minotaur Fighter began the quest for the Orb.
     0 | D:1      | Reached XP level 1. HP: 19/19 MP: 0/0
   123 | D:1      | Reached XP level 2. HP: 27/27 MP: 1/1
   527 | D:1      | Reached XP level 3. HP: 33/33 MP: 2/2
   545 | D:1      | Reached skill level 3 in Axes
   955 | D:2      | Found Fosezal's Magic Scroll Shoppe.
   991 | D:2      | Bought a scroll of identify for 28 gold pieces
  1293 | D:2      | Reached XP level 4. HP: 40/40 MP: 3/3
  1321 | D:2      | Identified the +6 chain mail of Reason {Int+3}
  1792 | D:3      | Found a runed translucent gate.
  1792 | D:3      | Found a runed translucent gate.
  1792 | D:3      | Found a runed translucent gate.
  1795 | D:3      | Noticed markshark's ghost (amateur MiFi)
  1819 | D:3      | Killed markshark's ghost
  1820 | D:3      | Reached skill level 4 in Axes
  1820 | D:3      | Reached XP level 5. HP: 20/47 MP: 4/4
  2043 | D:3      | Found a shimmering altar of Xom.
  2048 | D:3      | Reached skill level 5 in Axes
  2231 | D:3      | Found a glowing drain.
  2251 | Sewer    | Entered a sewer
  2256 | Sewer    | Reached XP level 6. HP: 51/53 MP: 5/5
  2334 | Sewer    | Reached skill level 5 in Armour
  2334 | Sewer    | Reached skill level 5 in Shields
  2433 | Sewer    | Found a white marble altar of Elyvilon.
  2577 | D:3      | Found a burning altar of Makhleb.
  2593 | D:3      | Noticed Grinder
  2595 | D:3      | Reached skill level 6 in Axes
  2596 | D:3      | Paralysed by Grinder for 4 turns
  2620 | D:3      | Killed Grinder
  2621 | D:3      | Reached skill level 5 in Fighting
  2621 | D:3      | Reached skill level 1 in Dodging
  2621 | D:3      | Reached XP level 7. HP: 11/61 MP: 6/6
  2826 | D:3      | Reached skill level 7 in Axes
  3456 | D:4      | Reached XP level 8. HP: 46/68 MP: 0/7
  3621 | D:4      | Found a sparkling altar of Nemelex Xobeh.
  3728 | D:4      | Found a snail-covered altar of Cheibriados.
  3889 | D:4      | Noticed Dowan
  3890 | D:4      | Noticed Duvessa
  3896 | D:4      | Killed Dowan
  3897 | D:4      | Reached skill level 8 in Axes
  3901 | D:4      | Reached skill level 1 in Maces & Flails
  3914 | D:4      | Killed Duvessa
  4075 | D:4      | Found a staircase to the Ecumenical Temple.
  4095 | Temple   | Entered the Ecumenical Temple
  4109 | Temple   | Became a worshipper of Gozag Ym Sagoz the Greedy
  4196 | D:5      | Entered Level 5 of the Dungeon
  4504 | D:5      | Found a shimmering blue altar of Sif Muna.
  5090 | D:2      | Bought a scroll of identify for 28 gold pieces
  5090 | D:2      | Bought a scroll of identify for 28 gold pieces
  5090 | D:2      | Bought a scroll of brand weapon for 133 gold pieces
  5090 | D:2      | Bought a scroll of teleportation for 42 gold pieces
  5090 | D:2      | Bought a scroll of teleportation for 42 gold pieces
  5090 | D:2      | Bought a scroll of identify for 28 gold pieces
  5293 | D:6      | Reached skill level 5 in Maces & Flails
  5330 | D:6      | Found a glowing silver altar of Zin.
  5493 | D:6      | Reached XP level 9. HP: 75/75 MP: 2/8
  5796 | D:6      | Found a white marble altar of Elyvilon.
  6061 | D:7      | Found an iron altar of Okawaru.
  6098 | D:7      | Identified the serpent talisman of Ashenzari's Hope {rN++
                  | Will- Dex+2 SInv}
  6618 | D:7      | Noticed a boulder beetle
  6644 | D:7      | Mangled by a gnoll sergeant

Illustrated notes

Levels and vault maps discovered:
D:1:      sevenhm_arrival_forest_fort_large_4, layout_rooms, minivault_19,
          chequers_serial_rivers_room_a, minmay_quantized
D:2:      layout_loops_ring, serial_shops, nicolae_shop_tiny_glass
D:3:      layout_basic, xom_confusion_cloud, marbit_many_paths,
          ebering_ghost_rock_garden, portal_sewer_entry_e, minmay_misc_feat_x,
          uniq_grinder
D:4:      layout_rooms, amcnicky_altar_gilded, cheibrodos_worm_habitat,
          minmay_temple_entry_offerings, uniq_duvessa
D:5:      layout_rooms, kennysheep_orc_sif_temple,
          nicolae_overflow_hidden_temple, grunt_decor_clamped
D:6:      layout_loops_ring, general_overflow_altar,
          mainiacjoe_overflow_24_doors
D:7:      layout_loops_cross, mainiacjoe_overflow_concentric_impassable,
          minmay_three_doors
Temple:   nicolae_temple_figure_eight

Skill      XL: |  1  2  3  4  5  6  7  8  9 |
---------------+----------------------------+-----
Armour         | 4 5 6 7 |  7.3
Shields        | 4 5 6 7 |  7.3
Fighting       | 4 5 6 |  6.6
Axes           | 3 4 5 6 7 8 |  8.1
Dodging        | 1 2 |  2.5
Maces & Flails | 6 7 |  7.8
Stealth        | |  0.3

Action                     |  1- 3 |  4- 6 |  7- 9 || total
---------------------------+-------+-------+-------++-------
  Melee: War axe           |    96 |   123 |    61 ||   280
         Headbutt          |     9 |    22 |    41 ||    72
         Flail             |       |       |   208 ||   208
    Use: Scroll            |       |     1 |     8 ||     9
         Potion            |       |       |     1 ||     1
 Armour: Scale mail        |    70 |     2 |       ||    72
         Chain mail        |       |    76 |   166 ||   242
  Dodge: Dodged            |    54 |    38 |    56 ||   148
  Block: Buckler           |    36 |    67 |   133 ||   236
         Reflection        |       |     1 |     6 ||     7

Table legend: (Time is in decaauts)
 A = Elapsed time spent in this place.
 B = Non-inter-level travel time spent in this place.
 C = Inter-level travel time spent in this place.
 D = Time resting spent in this place.
 E = Time spent auto-exploring this place.
 F = Levels seen in this place.
 G = Mean time per level.
                   A        B        C        D        E       F      G
               +--------+--------+--------+--------+--------+-----+--------+
         Total |   6789 |   6686 |    103 |    331 |   3886 |   9 |  754.3 |
       Dungeon |   6507 |   6404 |    103 |    331 |   3706 |   7 |  929.6 |
        Temple |     27 |     27 |      0 |      0 |      0 |   1 |   27.0 |
         Sewer |    253 |    253 |      0 |      0 |    179 |   1 |  253.0 |
               +--------+--------+--------+--------+--------+-----+--------+

Top non-repeatable levels by time:
     D:3: 1370 daAuts
     D:4: 981 daAuts
     D:1: 916 daAuts
     D:2: 913 daAuts
     D:5: 894 daAuts
     D:6: 735 daAuts
     D:7: 696 daAuts
   Sewer: 253 daAuts
  Temple: 27 daAuts
